 Dungeon Crawl Stone Soup version 0.29-a0-275-g389c0b56f3 (webtiles) character file.

Game seed: 14642408127475341149

97 mopl the Twirler (level 4, -1/36 HPs)
             Began as a Palentonga Gladiator on Mar 10, 2022.
             Killed by divine providence
             ... invoked by an orc priest
              (12 damage)
             ... on level 4 of the Dungeon.
             The game lasted 00:02:44 (2852 turns).

mopl the Twirler (Palentonga Gladiator)             Turns: 2852, Time: 00:02:45

Health: -1/36      AC:  9    Str: 20    XL:     4   Next: 42%
Magic:  4/4        EV:  4    Int:  8    God:
Gold:   83         SH:  0    Dex: 11    Spells: 3/3 levels left

rFire   . . .      SeeInvis +   a - +0 quarterstaff
rCold   . . .      Faith    .   (shield currently unavailable)
rNeg    . . .      Spirit   .   f - +0 plate armour
rPois   .          Reflect  .   c - +0 helmet
rElec   .          Harm     .   (no cloak)
rCorr   .          Rampage  .   (no gloves)
Will    .....                   (no barding)
Stlth   ..........              (no amulet)
HPRegen 0.12/turn               (no ring)
MPRegen 0.09/turn               (no ring)

@: no status effects
A: large, rugged brown scales 3, see invisible, deformed body, roll 1, armoured
tail
a: Rolling Charge


You were on level 4 of the Dungeon.
You visited 1 branch of the dungeon, and saw 4 of its levels.

You collected 125 gold pieces.
You spent 42 gold pieces at shops.

Inventory:

Hand Weapons
 a - a +0 quarterstaff (weapon)
Missiles
 d - 4 throwing nets (quivered)
 e - a javelin
 i - 5 curare-tipped darts
 l - 9 boomerangs
 r - 3 poisoned darts
Armour
 c - a +0 helmet (worn)
 f - a +0 plate armour (worn)
Scrolls
 b - a scroll of identify
 h - a scroll of fear {unknown}
 p - a scroll of teleportation {unknown}
 q - a scroll of immolation {unknown}
 t - a scroll of holy word {unknown}
Potions
 g - a potion of haste
 j - 2 potions of heal wounds
 k - a potion of berserk rage {unknown}
 m - 2 potions of curing
 n - a potion of cancellation {unknown}
 o - a potion of magic {unknown}
 s - a potion of ambrosia {unknown}


   Skills:
 + Level 2.6 Fighting
 * Level 3.9 Staves
 + Level 1.8 Throwing
 + Level 0.9 Armour
 + Level 2.9 Dodging


You had 3 spell levels left.
You didn't know any spells.
Your spell library contained the following spells:

 Spells                   Type           Power      Damage    Failure   Level
 Tukima's Dance           Hex            0%         N/A       100%        3
 Anguish                  Hex/Necr       0%         N/A       100%        4
 Enfeeble                 Hex            0%         N/A       100%        7


Dungeon Overview and Level Annotations

Branches:
Dungeon (4/15)
 Temple: D:4-7

Altars:
Kikubaaqudgha

Shops:
D:1 !


Innate Abilities, Weirdness & Mutations

You are completely covered in rugged brown scales. (AC +3, +7% HP)
You have supernaturally acute eyesight. (SInv)
Armour fits poorly on your strangely shaped body.
You can roll at nearby foes to attack.
You have a long armoured tail.


Message History

The orc is wielding a +1 dagger of speed.
The orc shouts!
The orc priest shouts!
The orc shouts!
The orc wizard shouts!
The orc wizard mumbles some strange words.
The orc wizard flickers and vanishes for a moment.
You barely miss the orc.
Your tail-slap misses the orc.
The orc priest invokes the aid of Beogh against you.
Beogh smites you! The orc barely misses you.
You hear a shout!
You hit the orc.
The orc is heavily wounded.
The orc hits you but does no damage. The orc barely misses you.
You closely miss the orc.
The orc is heavily wounded.
The orc hits you but does no damage. x2
You sock the orc!
You kill the orc!
The orc hits you with a +0 war axe.
You closely miss the orc wizard.
The orc wizard hits you but does no damage.
The orc hits you with a +0 war axe.
You barely miss the orc wizard.
The orc wizard points at you and mumbles some strange words.
The magic dart hits you. The orc hits you but does no damage.
The orc priest calls down the wrath of Beogh upon you.
Pain shoots through your body!
You are too injured to fight recklessly!
You are too injured to fight recklessly!
You are too injured to fight recklessly!
You are too injured to fight recklessly!
You are too injured to fight recklessly!
You are too injured to fight recklessly!
You are too injured to fight recklessly!
Unknown command.
The orc wizard attacks as you move away!
The orc wizard hits you but does no damage.
The orc priest attacks as you move away!
The orc priest hits you with a +0 flail.
The orc priest calls down the wrath of Beogh upon you.
Beogh smites you!
You die...

# .....#.#....)#...#
#. #.....#......^..#
#.# #.#.........#..#
#..####.#.........#.##
#.....#...........###
#...............#
...##..###......<...#
#......##........###
#..#.#...@.........
#..##..oo##.#....###
#.. #...oo##.#...##
.......#.#.# .#####
..#.........
#....#.#..#
...........
.....##..... ...##
#......


You could see an orc priest, an orc wizard (invisible) and 2 orcs.

Vanquished Creatures
  3 adders
  2 worms (D:2)
  An orc (D:4)
  6 ball pythons
  4 endoplasms (D:1)
  A giant cockroach (D:1)
  6 goblins
  8 hobgoblins
  5 quokkas
  6 bats
  3 frilled lizards
  7 kobolds
  8 rats
60 creatures vanquished.

Notes
Turn   | Place    | Note
-------+----------+-------------------------------------------
     0 | D:1      | mopl the Palentonga Gladiator began the quest for the Orb.
     0 | D:1      | Reached XP level 1. HP: 17/17 MP: 1/1
    50 | D:1      | Found Funoudet's Distillery.
   107 | D:1      | Reached XP level 2. HP: 10/23 MP: 2/2
   623 | D:1      | Found a faded altar of an unknown god.
   851 | D:1      | Reached XP level 3. HP: 28/28 MP: 3/3
  1505 | D:2      | Reached XP level 4. HP: 36/36 MP: 4/4
  1775 | D:1      | Bought a potion of curing for 42 gold pieces
  1838 | D:3      | Noticed an ogre
  2439 | D:3      | Found an ancient bone altar of Kikubaaqudgha.
  2852 | D:4      | Killed from afar by an orc priest

Illustrated notes

Levels and vault maps discovered:
D:1:      tarquinn_simple_flora_water_e, layout_rooms, serial_shops, shop,
          chequers_ecumenical_altar_grove
D:2:      layout_rooms
D:3:      layout_loops_cross, kiku_gazebo_pond_becter, minmay_misc_feat_square,
          hex_large
D:4:      layout_cave_pools, temple_fountains, serial_co_window_serial,
          co_window_paths_b, co_window_paths_a, co_window_paths_a,
          co_window_of_opportunity_a, co_window_corner_a, co_window_corner_a,
          co_window_corner_a, co_window_of_opportunity_a, co_window_corner_a,
          co_window_broadway_b, co_window_of_opportunity_b, co_window_corner_b,
          glass_columns_a, serial_shops, nicolae_diamond_shop

Action                   |  1- 3 |  4- 6 || total
-------------------------+-------+-------++-------
Melee: Quarterstaff      |   102 |    52 ||   154
       Tailslap          |    10 |     2 ||    12
  Use: Scroll            |       |     3 ||     3
Armor: Leather armour    |     8 |       ||     8
       Plate armour      |    81 |    46 ||   127
Dodge: Dodged            |    36 |    14 ||    50

Table legend: (Time is in decaauts)
 A = Elapsed time spent in this place.
 B = Non-inter-level travel time spent in this place.
 C = Inter-level travel time spent in this place.
 D = Time resting spent in this place.
 E = Time spent auto-exploring this place.
 F = Levels seen in this place.
 G = Mean time per level.
                   A        B        C        D        E       F      G
               +--------+--------+--------+--------+--------+-----+--------+
         Total |   2872 |   2585 |    287 |    885 |   1270 |   4 |  718.0 |
       Dungeon |   2872 |   2585 |    287 |    885 |   1270 |   4 |  718.0 |
               +--------+--------+--------+--------+--------+-----+--------+

Top non-repeatable levels by time:
     D:1: 1025 daAuts
     D:2: 1002 daAuts
     D:3: 740 daAuts
     D:4: 105 daAuts
